 Dungeon Crawl Stone Soup version 0.28-a0-1567-g1695149f81 (webtiles) character file.

Game seed: 2360440847684645868

9710 Strat the Slicer (level 11, -1/99 HPs)
             Began as a Demigod Wanderer on Jan 19, 2022.
             Slain by a manticore (13 damage)
             ... on level 11 of the Dungeon.
             The game lasted 00:27:56 (13926 turns).

Strat the Slicer (Demigod Wanderer)                Turns: 13926, Time: 00:27:56

Health: -1/99      AC: 13    Str: 25    XL:     11   Next: 6%
Magic:  14/14      EV: 10    Int: 13    God:
Gold:   697        SH:  7    Dex: 14    Spells: 10/10 levels left

rFire   . . .      SeeInvis .   b - +0 short sword (elec)
rCold   . . .      Faith    .   B - +2 buckler
rNeg    . . .      Spirit   .   w - +0 acid dragon scales
rPois   +          Reflect  .   (no helmet)
rElec   .          Harm     .   g - +0 cloak
rCorr   +          Rampage  .   m - +0 pair of gloves
Will    ++...                   G - +2 pair of boots
Stlth   +++.......              (no amulet)
HPRegen 0.26/turn               h - ring of poison resistance
MPRegen 0.14/turn               o - ring of willpower

@: no status effects
A: high mp 1, forlorn, divine attributes
a: no special abilities


You were on level 11 of the Dungeon.
You visited 1 branch of the dungeon, and saw 11 of its levels.
You also visited: Sewer.

You collected 697 gold pieces.

Inventory:

Hand Weapons
 a - a +3 dagger of draining
 b - a +0 short sword of electrocution (weapon)
 f - a +1 rapier
 r - a +0 scimitar
 v - a +0 hunting sling
Missiles
 e - 52 sling bullets
 n - 31 poisoned darts
 p - 425 stones (quivered)
 J - 5 javelins
Armour
 g - a +0 cloak (worn)
 m - a +0 pair of gloves (worn)
 w - +0 acid dragon scales (worn)
 B - a +2 buckler (worn)
 C - the +0 buckler of Beogh's Respect {Rampage rCorr Str+4 Int-5}
   (You found it on level 7 of the Dungeon)

   Str:       It affects your strength (+4).
   Int:       It affects your intelligence (-5).
   rCorr:     It protects you from acid and corrosion.
   Rampage:   It bestows one free step when moving towards enemies.
 G - a +2 pair of boots (worn)
Jewellery
 h - a ring of poison resistance (left hand)
 o - a ring of willpower (right hand)
 u - a ring of flight
Wands
 c - a wand of digging (6)
 d - a wand of acid (8)
 F - a wand of polymorph (8)
Scrolls
 q - a scroll of enchant weapon
 t - 2 scrolls of teleportation
 x - a scroll of amnesia
 y - 4 scrolls of identify
 D - a scroll of magic mapping
 H - a scroll of fog
Potions
 i - 2 potions of flight
 j - a potion of mutation
 k - 5 potions of curing
 s - 4 potions of brilliance
 A - 4 potions of attraction
 I - a potion of magic


   Skills:
 - Level 10.0 Fighting
 - Level 10.0 Short Blades
 - Level 2.1 Polearms
 + Level 6.8 Armour
 - Level 5.0 Stealth
 - Level 5.0 Shields


You had 10 spell levels left.
You didn't know any spells.
Your spell library contained the following spells:

 Spells                   Type           Power      Damage    Failure   Level
 Summon Small Mammal      Summ           0%         N/A       43%         1
 Call Canine Familiar     Summ           0%         N/A       82%         3
 Portal Projectile        Hex/Tloc       0%         N/A       82%         3
 Summon Guardian Golem    Hex/Summ       0%         N/A       82%         3
 Leda's Liquefaction      Hex/Erth       0%         N/A       99%         4
 Iskenderun's Battlesphe  Conj           0%         2d6       100%        5
 Iron Shot                Conj/Erth      0%         9d1       100%        6
 Spellforged Servitor     Conj/Summ      0%         N/A       100%        7


Dungeon Overview and Level Annotations

Branches:
Dungeon (11/15)            Temple (0/1) D:5             Orc (0/2) D:11
  Sewer (visited)
   Lair: D:8-11

Annotations:
D:2 Sigmund
D:5 2 transporters
D:7 Harold


Innate Abilities, Weirdness & Mutations

You have an increased reservoir of magic. (+10% MP)
You shall have no god before yourself.
Your divine heritage dramatically boosts your attributes as you level up.


Message History

Lightning courses through the manticore!
The manticore is severely wounded.
You barely miss the manticore.
The manticore is severely wounded.
The manticore bites you!!
* * * LOW HITPOINT WARNING * * *
The manticore misses you. The manticore closely misses you.
You hit the manticore.
The manticore is severely wounded.
You puncture the manticore!
The manticore is almost dead.
The manticore bites you but does no damage.
You block the manticore's attack. The manticore claws you.
* * * LOW HITPOINT WARNING * * *
You hit the manticore.
The manticore is almost dead.
The manticore bites you.
* * * LOW HITPOINT WARNING * * *
You block the manticore's attack. x2
You puncture the manticore!
The manticore is almost dead.
You hit the manticore but do no damage.
The manticore is almost dead.
You block the manticore's attack. The manticore closely misses you.
The manticore claws you.
* * * LOW HITPOINT WARNING * * *
You hit the manticore but do no damage.
The manticore is almost dead.
The manticore completely misses you. The manticore barely misses you.
The manticore claws you!
* * * LOW HITPOINT WARNING * * *
You feel better. The manticore closely misses you. The manticore claws you.
* * * LOW HITPOINT WARNING * * *
The manticore barely misses you.
You hit the manticore but do no damage.
The manticore is almost dead.
You barely miss the manticore.
The manticore is almost dead.
The manticore bites you!
You die...

## #.# #.#
#.# ## #.#
#.# #.# #.#
#.###.#
#@#.# ##H#
##.## #####
######.##
######....
#.....##
#......^..
#.....#
#.........
#...H.#
###.........
#.....#
............
#......
#.........


You could see a manticore.

Vanquished Creatures
  2 two-headed ogres
  A cyclops (D:9)
  2 trolls (D:9)
  Prince Ribbit (D:7)
  Grinder (D:6)
  A tarantella (shapeshifter) (D:9)
  A wraith (D:11)
  A shadow (D:10)
  10 yaks
  A steam dragon (D:7)
  An acid dragon (D:9)
  2 water moccasins
  Duvessa (D:4)
  4 orc warriors
  A sky beast (D:4)
  4 necrophages
  3 black bears
  An ogre (D:4)
  2 centaurs (D:10)
  2 phantoms
  2 kobold brigands
  Blork the orc (D:4)
  2 bullfrogs
  A gnoll sergeant (D:10)
  Dowan (D:4)
  15 wights
  A howler monkey (D:8)
  A bullfrog zombie (D:6)
  9 centaur zombies
  4 hounds
  5 orc priests
  A centaur skeleton (D:5)
  A human zombie (D:10)
  4 orc wizards
  2 ogre zombies (D:11)
  A mummy (D:10)
  2 howler monkey zombies (D:10)
  A howler monkey skeleton (D:6)
  7 adders
  5 gnolls (D:10)
  3 river rats (D:3)
  A white imp (D:6)
  2 ufetubi
  2 worms
  4 dart slugs
  30 orcs
  3 bats
  10 endoplasms
  2 giant cockroaches (D:3)
  6 goblins
  7 hobgoblins
  15 jackals
  3 quokkas
  9 ball pythons
  6 frilled lizards
  A goblin skeleton (D:11)
  24 kobolds
  3 orc skeletons (D:11)
  7 orc zombies (D:11)
  7 rats
253 creatures vanquished.

Vanquished Creatures (collateral kills)
  2 yaks (D:8)
  A centaur zombie (D:8)
3 creatures vanquished.

Vanquished Creatures (others)
  2 plants (D:2)
2 creatures vanquished.

Grand Total: 258 creatures vanquished

Notes
Turn   | Place    | Note
-------+----------+-------------------------------------------
     0 | D:1      | Strat the Demigod Wanderer began the quest for the Orb.
     0 | D:1      | Strat set off with the following items: a +1 rapier, a +0
                  | spear, a +0 robe
     0 | D:1      | Reached XP level 1. HP: 19/19 MP: 3/3
   279 | D:1      | Reached XP level 2. HP: 17/27 MP: 4/4
   978 | D:1      | Reached XP level 3. HP: 24/33 MP: 5/5
  1442 | D:2      | Identified the +1 mace "Fyar" {flame, rElec Will+ Stlth+}
  1819 | D:2      | Noticed Sigmund
  2391 | D:3      | Found a glowing drain.
  2414 | D:3      | Reached XP level 4. HP: 35/41 MP: 6/6
  2421 | Sewer    | Entered a sewer
  2809 | D:3      | Found a large runed translucent door.
  2809 | D:3      | Found a large runed translucent door.
  3589 | D:3      | Reached XP level 5. HP: 44/47 MP: 7/7
  3734 | D:4      | Noticed a sky beast
  3750 | D:4      | Killed a sky beast
  3751 | D:4      | Reached skill level 5 in Fighting
  3751 | D:4      | Reached skill level 5 in Short Blades
  3829 | D:4      | Noticed a necrophage
  3853 | D:4      | Killed a necrophage
  3854 | D:4      | Reached XP level 6. HP: 53/56 MP: 8/8
  4004 | D:4      | Noticed Dowan
  4033 | D:4      | Killed Dowan
  4034 | D:4      | Reached skill level 1 in Armour
  4034 | D:4      | Reached skill level 1 in Stealth
  4108 | D:4      | Noticed Duvessa
  4139 | D:4      | Killed Duvessa
  4458 | D:4      | Reached XP level 7. HP: 61/61 MP: 9/9
  4749 | D:4      | Noticed Blork the orc
  4774 | D:4      | Killed Blork the orc
  5042 | D:5      | Entered Level 5 of the Dungeon
  5088 | D:5      | Found a staircase to the Ecumenical Temple.
  5276 | D:5      | Found a transporter.
  5347 | D:5      | Found a transporter.
  6326 | D:6      | Reached XP level 8. HP: 68/68 MP: 10/10
  6416 | D:6      | Reached skill level 5 in Stealth
  6473 | D:6      | Noticed Grinder
  6478 | D:6      | Paralysed by Grinder for 4 turns
  6763 | D:6      | Paralysed by Grinder for 5 turns
  6776 | D:6      | Killed Grinder
  7421 | D:7      | Noticed Prince Ribbit
  7614 | D:7      | Identified the +0 buckler of Beogh's Respect {Rampage rCorr
                  | Str+4 Int-5}
  7759 | D:7      | Noticed Harold
  7977 | D:7      | Killed Prince Ribbit
  7978 | D:7      | Reached XP level 9. HP: 61/74 MP: 11/11
  8676 | D:8      | Noticed a two-headed ogre
  8708 | D:8      | Killed a two-headed ogre
  8709 | D:8      | Reached skill level 10 in Short Blades
 10003 | D:9      | Reached XP level 10. HP: 73/89 MP: 13/13
 11341 | D:9      | Noticed a moth of wrath
 11360 | D:9      | Reached skill level 1 in Shields
 11366 | D:9      | Noticed a cyclops
 11381 | D:9      | Noticed an elephant
 11381 | D:9      | a moth of wrath changed into an elephant
 11395 | D:9      | an elephant changed into a tarantella
 11754 | D:9      | Killed a cyclops
 11833 | D:10     | Entered Level 10 of the Dungeon
 11858 | D:10     | Noticed a two-headed ogre
 11939 | D:10     | Identified the +0 plate armour "Gudgh" {Contam *Slow rC+++
                  | Stlth+}
 12046 | D:10     | Killed a two-headed ogre
 12047 | D:10     | Reached skill level 10 in Fighting
 12047 | D:10     | Reached skill level 5 in Armour
 13385 | D:10     | Reached XP level 11. HP: 80/99 MP: 14/14
 13602 | D:11     | Noticed a boulder beetle
 13693 | D:11     | Found a staircase to the Orcish Mines.
 13797 | D:11     | Noticed a skeletal warrior
 13797 | D:11     | Noticed a phantasmal warrior
 13798 | D:11     | Noticed a death knight
 13814 | D:11     | Reached skill level 5 in Shields
 13926 | D:11     | Slain by a manticore

Illustrated notes

Levels and vault maps discovered:
D:1:      amcnicky_arrival_gap_in_the_tavern_cellar, layout_loops_ring
D:2:      minmay_razor_zed, layout_rooms, dilly_ecumenical_altar_fadedgnrine,
          uniq_sigmund
D:3:      layout_basic, jmf_multi_god_temple2, portal_sewer_entry_c
D:4:      layout_loops_corners, gammafunk_temple_overflow_statue,
          uniq_blork_the_orc, uniq_duvessa
D:5:      gammafunk_wand_slinger, layout_loops_ring,
          minmay_temple_entry_proselytizer
D:6:      layout_loops_cross, nicolae_tso_swordbearing_angel,
          nicolae_wu_jian_wuxing_cycle, st_stairs_13, minmay_statues_item,
          uniq_grinder
D:7:      layout_cave_pools, lightli_temple_of_fire,
          mainiacjoe_overflow_cross_hatched, uniq_prince_ribbit1, uniq_harold
D:8:      layout_rooms, roderic_roman_lattice
D:9:      minmay_chambers_of_sixes, layout_basic, nicolae_ru_awakened_eye,
          cheibrodos_worm_habitat
D:10:     layout_loops_ring, lemuel_mausoleum_altar_yredelemnul,
          nemelex_diamond_rough_becter
D:11:     layout_rooms, lair_entry_dummy, zombieorc2_lemuel, grunt_ministairs_9

Skill      XL: |  1  2  3  4  5  6  7  8  9 10 11 |
---------------+----------------------------------+-----
Polearms       | 2 |  2.1
Fighting       | 4 5 8 10 | 10.0
Short Blades   | 4 6 9 10 | 10.0
Armour         | 2 4 6 |  6.8
Stealth        | 2 4 5 |  5.0
Shields        | 4 5 |  5.0

Action                   |  1- 3 |  4- 6 |  7- 9 | 10-12 || total
-------------------------+-------+-------+-------+-------++-------
Melee: Dagger            |   153 |   190 |   462 |   220 ||  1025
       Rapier            |     8 |       |       |       ||     8
       Punch             |     1 |     2 |     1 |       ||     4
       Short sword       |       |       |       |   207 ||   207
Throw: Stone             |       |     4 |     1 |       ||     5
Evoke: Wand              |       |       |     7 |    16 ||    23
  Use: Scroll            |    11 |     4 |     4 |     7 ||    26
       Potion            |       |     1 |     1 |     2 ||     4
 Stab: Sleeping          |     2 |       |     6 |     9 ||    17
       Distracted        |       |       |     1 |     1 ||     2
Armor: Leather armour    |    34 |       |       |       ||    34
       Ring mail         |    15 |    57 |   126 |       ||   198
       Acid dragon scale |       |       |       |    83 ||    83
Dodge: Dodged            |    67 |    82 |   147 |   113 ||   409
Block: Buckler           |       |       |    72 |    96 ||   168

Table legend: (Time is in decaauts)
 A = Elapsed time spent in this place.
 B = Non-inter-level travel time spent in this place.
 C = Inter-level travel time spent in this place.
 D = Time resting spent in this place.
 E = Time spent auto-exploring this place.
 F = Levels seen in this place.
 G = Mean time per level.
                   A        B        C        D        E       F      G
               +--------+--------+--------+--------+--------+-----+--------+
         Total |  13553 |  13061 |    492 |   2689 |   7474 |  12 | 1129.4 |
       Dungeon |  13153 |  12661 |    492 |   2689 |   7133 |  11 | 1195.7 |
         Sewer |    399 |    399 |      0 |      0 |    341 |   1 |  399.0 |
               +--------+--------+--------+--------+--------+-----+--------+

Top non-repeatable levels by time:
     D:9: 2063 daAuts
     D:6: 1764 daAuts
    D:10: 1715 daAuts
     D:4: 1363 daAuts
     D:1: 1358 daAuts
     D:7: 1035 daAuts
     D:2: 963 daAuts
     D:5: 925 daAuts
     D:3: 903 daAuts
     D:8: 781 daAuts
   Sewer: 399 daAuts
    D:11: 278 daAuts
